Workbook
Name Actividad: [1]ACTIVIDADES!$A$3:$B$27
Name Actividad: #REF!
Name Actividades: #REF!
Name CodActi: #REF!
Name Comprobantes: '[2]Tabla de Comprobantes'!$A$3:$A$65
Name Cuadrilla: '[1]Mano de Obra'!$A$2:$A$22
Name Cuadrilla: 'Mano de Obra'!$A$2:$A$22
Name DATOS: Materiales!$A$2:$C$350
Name Descripcion: [1]ACTIVIDADES!$B$3:$B$27
Name Descripcion: #REF!
Name detalle: Materiales!$A$2:$A$350
Name detalle: [3]Materiales!$A$2:$A$219
Name Jornal: '[1]Mano de Obra'!$A$2:$B$22
Name Jornal: 'Mano de Obra'!$A$2:$B$22
Name LISTA_EQ: [4]Equipos!$A$2:$A$79
Name LISTA_HE: [4]Herramienta!$A$2:$A$5
Name LISTA_MA: [4]Materiales!$A$2:$A$1377
Name LISTA_MO: '[4]Mano de Obra'!$A$2:$A$43
Name LISTA_OT: [4]Otros!$A$2:$A$70
Name mat: Materiales!$A$2:$C$351
Name Materiales: Materiales!$A$2:$A$351
Name PC: '[2]Tabla de Comprobantes'!$E$3:$E$14
Name sga: Materiales!$A$2:$C$351

Sheet Detalle de Presupuesto
A1: Municipio de Santa Fe de Antioquia
A2: SECRETARÍA DE INFRAESTRUCTURA
A4: 1. ADECUACIÓN Y MEJORAMIENTO A INFRAESTRUCTURA BODEGA MUNICIPAL, SANTA FE DE ANTIOQUIA, ANTIOQUIA.
A6: It. | B6: DENOMINACIÓN | D6: Un | E6: CANTIDAD | F6: PRECIO UNITARIO | G6: TOTAL
A8: 1 | B8: PRELIMINARES | G8: =SUM(G9:G9) -> 0
A9: 1.1 | B9: =VLOOKUP(A9,APU!B8:G221,2,FALSE) -> Localización y replanteo | D9: día | E9: 1 | F9: =VLOOKUP(A9,APU!B8:G221,6,FALSE) -> 0 | G9: =E9*F9 -> 0
A11: 2 | B11: REVOQUE - PINTURA | G11: =SUM(G12:G13) -> 2047905.9
A12: 2.1 | B12: =VLOOKUP(A12,APU!B29:G235,2,FALSE) -> Aplicación de Pintura Tipo I, de primera calidad sobre muros revocados y/o estucados, tres manos o las necesarias hasta obtener una superficie pareja y homogénea. Incluye suministro y transporte de los materiales, resanes, tapa poros en estuco plástico tipo plastestuco o equivalente diluido en agua proporción 1:2, adecuación de la superficie a intervenir hasta obtener una superficie pareja y homogénea, color a definir según aprobación de la interventoría. | D12: =VLOOKUP(A12,APU!B29:G235,5,FALSE) -> m2 | E12: =2+0.3+1+1+3+1.3 -> 8.6 | F12: =VLOOKUP(A12,APU!B29:G235,6,FALSE) -> 21907.22 | G12: =E12*F12 -> 188402.09
A13: 2.2 | B13: =VLOOKUP(A13,APU!B35:G241,2,FALSE) -> Aplicación de Pintura Esmalte sintético para Metal, de primera calidad sobre elementos metalicos, dos manos o las necesarias hasta obtener una superficie pareja y homogénea. Incluye suministro y transporte de los materiales, resanes y adecuación de la superficie a intervenir hasta obtener una superficie pareja y homogénea, color a definir según aprobación de la interventoría. | D13: =VLOOKUP(A13,APU!B35:G241,5,FALSE) -> m2 | E13: =(2*(6*5))+(2*(1*2.1)) -> 64.2 | F13: =VLOOKUP(A13,APU!B35:G241,6,FALSE) -> 28964.233 | G13: =E13*F13 -> 1859503.8
A15: 3 | B15: CUBIERTA | G15: =SUM(G16:G18) -> 14873635
A16: 3.1 | B16: =VLOOKUP(A16,APU!B35:G997,2,FALSE) -> Cubierta inclinada de placas UPVC cresta alta 2,5mm espesor, fijadas mecánicamente, con una pendiente entre 5% al 10%. Incluye elementos de fijación, accesorios, juntas, remates perimetrales, sello de anclajes y otras piezas de remate para la resolución de puntos singulares. | D16: =VLOOKUP(A16,APU!B35:G255,5,FALSE) -> m2 | E16: =34.5*2 -> 69 | F16: =VLOOKUP(A16,APU!B35:G255,6,FALSE) -> 97107.5 | G16: =E16*F16 -> 6700417.5
A17: 3.2 | B17: =VLOOKUP(A17,APU!B35:G999,2,FALSE) -> Suministro, transporte e instalación de CANOA en lamina galvanizada Cal .24 d/ 0.80 m. Incluye 2 manos de anticorrosivo WASH PRIMER + esmalte + anclaje a muro +tapas laterales + sikaflex 1A) Color por definir por interventoría. | D17: =VLOOKUP(A17,APU!B35:G257,5,FALSE) -> ml | E17: 70 | F17: =VLOOKUP(A17,APU!B35:G257,6,FALSE) -> 114092.77 | G17: =E17*F17 -> 7986493.7
A18: 3.3 | B18: =VLOOKUP(A18,APU!B35:G1000,2,FALSE) -> SUMINISTO, TRANSPORTE E INSTALACION DE EMBUDOS EN LAMINA GALVANIZADA Cal .26 | D18: un | E18: 8 | F18: =VLOOKUP(A18,APU!B35:G258,6,FALSE) -> 23340.54 | G18: =E18*F18 -> 186724.32
A20: 4 | B20: INSTALACIONES HIDRÁULICAS Y SANITARIAS | G20: =SUM(G21:G22) -> 1019540.2
A21: 4.1 | B21: =VLOOKUP(A21,APU!B35:G1004,2,FALSE) -> SUMINISTRO Y COLOCACIÓN DE TUBERÍA PVC-SANITARIA PVC 3" (Red sanitaria y/o Lluvia) Incluye excavación manual, cancha en muros y/o pisos, , instalación y accesorios. | D21: =VLOOKUP(A21,APU!B35:G259,5,FALSE) -> ml | E21: =2*(4*4.5) -> 36 | F21: =VLOOKUP(A21,APU!B35:G259,6,FALSE) -> 25396.75 | G21: =E21*F21 -> 914283
A22: 4.2 | B22: =VLOOKUP(A22,APU!B35:G1012,2,FALSE) -> SUMINISTRO Y COLOCACIÓN DE REJILLA DE PISO EN ALUMINIO. Ø = 3". | D22: =VLOOKUP(A22,APU!B35:G1012,5,FALSE) -> un | E22: 2 | F22: =VLOOKUP(A22,APU!B35:G1012,6,FALSE) -> 52628.61 | G22: =E22*F22 -> 105257.22
A24: 5 | B24: INSTALACIONES ELECTRICAS | G24: =SUM(G25:G28) -> 4024787.5
A25: 5.1 | B25: =VLOOKUP(A25,APU!B35:G1018,2,FALSE) -> Suministro, transporte e instalación de cableado eléctrico, incluye tubería EMT, conectores de conexión y empalme, adaptadores terminales, curvas, tornillos, y demás accesorios y elementos para su correcta instalación y funcionamiento. | D25: =VLOOKUP(A25,APU!B35:G1018,5,FALSE) -> ml | E25: 10 | F25: =VLOOKUP(A25,APU!B35:G1018,6,FALSE) -> 41600.733 | G25: =E25*F25 -> 416007.33
A26: 5.2 | B26: =VLOOKUP(A26,APU!B35:G1020,2,FALSE) -> Suministro, transporte e instalación de salida eléctrica de interruptor sencillo. Incluye aparato electrico con tapa suplemento, conectores de conexión y empalme, adaptadores terminales, curvas, tornillos, y demás accesorios y elementos para su correcta instalación y funcionamiento. Hasta 3 MTS de salida. | D26: =VLOOKUP(A26,APU!B35:G1020,5,FALSE) -> un | E26: 4 | F26: =VLOOKUP(A26,APU!B35:G1020,6,FALSE) -> 78556.8 | G26: =E26*F26 -> 314227.2
A27: 5.3 | B27: =VLOOKUP(A27,APU!B35:G1022,2,FALSE) -> Suministro e instalación Panel Led Empotrar Cuadrado 18W Luz Fría. Incluye salida electrica, caja 4x4 o similar, tapa suplemento, conectores de conexión, adaptadores terminales, curvas, tornillos, 3 metros de cable encauchetado, elementos de fijación y demás elementos necesarios para su correcta instalación. | D27: =VLOOKUP(A27,APU!B35:G1022,5,FALSE) -> un | E27: 5 | F27: =VLOOKUP(A27,APU!B35:G1022,6,FALSE) -> 110540.2 | G27: =E27*F27 -> 552701
A28: 5.4 | B28: =VLOOKUP(A28,APU!B35:G1023,2,FALSE) -> Suministro e instalación Reflector Led 100W Ip65. Incluye salida electrica, caja 4x4 o similar, tapa suplemento, conectores de conexión, adaptadores terminales, curvas, tornillos, 3 metros de cable encauchetado, elementos de fijación y demás elementos necesarios para su correcta instalación. | D28: =VLOOKUP(A28,APU!B35:G1023,5,FALSE) -> un | E28: 10 | F28: =VLOOKUP(A28,APU!B35:G1023,6,FALSE) -> 274185.2 | G28: =E28*F28 -> 2741852
F31: SUBTOTAL | G31: =SUM(G8:G29)/2 -> 21965869
E32: AU | F32: =+'CALCULO AU'!H55 -> 0.26 | G32: =G31*F32 -> 5711126
F34: TOTAL | G34: =G31+G32 -> 27676995

Sheet APU
B1: Municipio de Santa Fe de Antioquia
B2: SECRETARÍA DE INFRAESTRUCTURA
B4: ANÁLISIS DE PRECIOS UNITARIOS
B6: PROYECTO U OBRA: | C6: 1. ADECUACIÓN Y MEJORAMIENTO A INFRAESTRUCTURA BODEGA MUNICIPAL, SANTA FE DE ANTIOQUIA, ANTIOQUIA.
B7: ÍTEM: | C7: DESCRIPCIÓN ITEM: | F7: UNIDAD: | G7: Precio Unitario
B8: 1.1 | C8: Localización y replanteo | F8: un | G8: =G33*0 -> 0
B10: I. EQUIPO
B11: Descripción | D11: Unidad | E11: Precio Unit. | F11: Rendimiento | G11: Valor Parcial
B12: Herramienta menor 10% de M.o | D12: Gl | E12: =G31*0.1 -> 35292 | F12: 1 | G12: =F12*E12 -> 35292
G14: =SUM(G12:G13) -> 35292
B15: II. MATERIALES EN OBRA
B16: Descripción | D16: Unidad | E16: Precio Unit. | F16: Cantidad | G16: Valor Parcial
D17: =IF(B17="","",VLOOKUP(B17,mat,2,FALSE)) | E17: 0 | G17: =F17*E17 -> 0
D18: =IF(B18="","",VLOOKUP(B18,mat,2,FALSE)) | E18: =IF(B18="","0",VLOOKUP(B18,mat,3,FALSE)) -> 0 | F18: 0 | G18: =F18*E18 -> 0
D19: =IF(B19="","",VLOOKUP(B19,mat,2,FALSE)) | E19: =IF(B19="","0",VLOOKUP(B19,mat,3,FALSE)) -> 0 | F19: 0 | G19: =F19*E19 -> 0
G20: =SUM(G17:G19) -> 0
B21: III. TRANSPORTES
B22: Material | C22: Vol., peso | D22: Distancia | E22: m3-km | F22: Tarifa | G22: Valor Parcial
E23: 0 | F23: 0 | G23: =F23*E23 -> 0
G25: =SUM(G23:G24) -> 0
B26: IV. MANO DE OBRA
B27: Trabajador | C27: Jornal | D27: Prestaciones | E27: Jornal Total | F27: Rendimiento | G27: Valor Parcial
B28: Maestro | C28: =VLOOKUP(B28,Jornal,2,FALSE) -> 108000 | D28: 1.73 | E28: =D28*C28 -> 186840 | F28: 1 | G28: =F28*E28 -> 186840
B29: Oficial | C29: =VLOOKUP(B29,Jornal,2,FALSE) -> 96000 | D29: 1.73 | E29: =D29*C29 -> 166080 | F29: 1 | G29: =F29*E29 -> 166080
G31: =SUM(G28:G30) -> 352920
E33: Total Costo Directo | G33: =+G31+G25+G20+G14 -> 388212
B37: Municipio de Santa Fe de Antioquia
B38: SECRETARÍA DE INFRAESTRUCTURA
B40: ANÁLISIS DE PRECIOS UNITARIOS
B42: PROYECTO U OBRA: | C42: 1. ADECUACIÓN Y MEJORAMIENTO A INFRAESTRUCTURA BODEGA MUNICIPAL, SANTA FE DE ANTIOQUIA, ANTIOQUIA.
B43: ÍTEM: | C43: DESCRIPCIÓN ITEM: | F43: UNIDAD: | G43: Precio Unitario
B44: 2.1 | C44: Aplicación de Pintura Tipo I, de primera calidad sobre muros revocados y/o estucados, tres manos o las necesarias hasta obtener una superficie pareja y homogénea. Incluye suministro y transporte de los materiales, resanes, tapa poros en estuco plástico tipo plastestuco o equivalente diluido en agua proporción 1:2, adecuación de la superficie a intervenir hasta obtener una superficie pareja y homogénea, color a definir según aprobación de la interventoría. | F44: m2 | G44: =G70 -> 21907.22
B46: I. EQUIPO
B47: Descripción | D47: Unidad | E47: Precio Unit. | F47: Rendimiento | G47: Valor Parcial
B48: Herramienta menor 10% de M.o | D48: Gl | E48: =G68*0.1 -> 1079.52 | F48: 1 | G48: =F48*E48 -> 1079.52
B49: Escalera Tipo Tijeras | D49: día | E49: 10500 | F49: 0.08 | G49: =F49*E49 -> 840
G50: =SUM(G48:G49) -> 1919.52
B51: II. MATERIALES EN OBRA
B52: Descripción | D52: Unidad | E52: Precio Unit. | F52: Cantidad | G52: Valor Parcial
B53: Pintura Vinilo tipo I | D53: =IF(B53="","",VLOOKUP(B53,mat,2,FALSE)) -> gl | E53: =IF(B53="","0",VLOOKUP(B53,mat,3,FALSE)) -> 89900 | F53: =1/10 -> 0.1 | G53: =F53*E53 -> 8990
G54: =F54*E54 -> 0
G55: =F55*E55 -> 0
D56: =IF(B56="","",VLOOKUP(B56,mat,2,FALSE)) | E56: =IF(B56="","0",VLOOKUP(B56,mat,3,FALSE)) -> 0 | G56: =F56*E56 -> 0
G57: =SUM(G53:G56) -> 8990
B58: III. TRANSPORTES
B59: Material | C59: Vol., peso | D59: Distancia | E59: m3-km | F59: Tarifa | G59: Valor Parcial
B60: Viaje en camión | C60: 1e-05 | D60: 1 | E60: 4500 | F60: =C60*D60*E60 -> 0.045 | G60: =F60*E60 -> 202.5
G62: =SUM(G60:G61) -> 202.5
B63: IV. MANO DE OBRA
B64: Trabajador | C64: Jornal | D64: Prestaciones | E64: Jornal Total | F64: Rendimiento | G64: Valor Parcial
B65: 1 Oficial / 1 Ayudantes | C65: =VLOOKUP(B65,Jornal,2,FALSE) -> 156000 | D65: 1.73 | E65: =D65*C65 -> 269880 | F65: 0.04 | G65: =F65*E65 -> 10795.2
G66: =F66*E66 -> 0
G68: =SUM(G65:G67) -> 10795.2
E70: Total Costo Directo | G70: =+G68+G62+G57+G50 -> 21907.22
B74: Municipio de Santa Fe de Antioquia
B75: SECRETARÍA DE INFRAESTRUCTURA
B77: ANÁLISIS DE PRECIOS UNITARIOS
B79: PROYECTO U OBRA: | C79: 1. ADECUACIÓN Y MEJORAMIENTO A INFRAESTRUCTURA BODEGA MUNICIPAL, SANTA FE DE ANTIOQUIA, ANTIOQUIA.
B80: ÍTEM: | C80: DESCRIPCIÓN ITEM: | F80: UNIDAD: | G80: Precio Unitario
B81: 2.2 | C81: Aplicación de Pintura Esmalte sintético para Metal, de primera calidad sobre elementos metalicos, dos manos o las necesarias hasta obtener una superficie pareja y homogénea. Incluye suministro y transporte de los materiales, resanes y adecuación de la superficie a intervenir hasta obtener una superficie pareja y homogénea, color a definir según aprobación de la interventoría. | F81: m2 | G81: =G108 -> 28964.233
B83: I. EQUIPO
B84: Descripción | D84: Unidad | E84: Precio Unit. | F84: Rendimiento | G84: Valor Parcial
B85: Herramienta menor 10% de M.o | D85: Gl | E85: =G106*0.1 -> 1349.4 | F85: 1 | G85: =F85*E85 -> 1349.4
B86: Andamio | D86: día | E86: =1800*2+800*2+1500*2 -> 8200 | F86: 0.06 | G86: =F86*E86 -> 492
G87: =SUM(G85:G86) -> 1841.4
B88: II. MATERIALES EN OBRA
B89: Descripción | D89: Unidad | E89: Precio Unit. | F89: Cantidad | G89: Valor Parcial
B90: Pintura Esmalte para metal | D90: =IF(B90="","",VLOOKUP(B90,mat,2,FALSE)) -> gl | E90: =IF(B90="","0",VLOOKUP(B90,mat,3,FALSE)) -> 117100 | F90: =1/12 -> 0.083333333 | G90: =F90*E90 -> 9758.3333
B91: Disolvente | D91: =IF(B91="","",VLOOKUP(B91,mat,2,FALSE)) -> lt | E91: =IF(B91="","0",VLOOKUP(B91,mat,3,FALSE)) -> 37200 | F91: 0.03 | G91: =F91*E91 -> 1116
B92: Rodillo | D92: =IF(B92="","",VLOOKUP(B92,mat,2,FALSE)) -> un | E92: =IF(B92="","0",VLOOKUP(B92,mat,3,FALSE)) -> 14650 | F92: 0.1 | G92: =F92*E92 -> 1465
B93: Brocha | D93: =IF(B93="","",VLOOKUP(B93,mat,2,FALSE)) -> un | E93: =IF(B93="","0",VLOOKUP(B93,mat,3,FALSE)) -> 10870 | F93: 0.1 | G93: =F93*E93 -> 1087
D94: =IF(B94="","",VLOOKUP(B94,mat,2,FALSE)) | E94: =IF(B94="","0",VLOOKUP(B94,mat,3,FALSE)) -> 0 | G94: =F94*E94 -> 0
G95: =SUM(G90:G94) -> 13426.333
B96: III. TRANSPORTES
B97: Material | C97: Vol., peso | D97: Distancia | E97: m3-km | F97: Tarifa | G97: Valor Parcial
B98: Viaje en camión | C98: 1e-05 | D98: 1 | E98: 4500 | F98: =C98*D98*E98 -> 0.045 | G98: =F98*E98 -> 202.5
G100: =SUM(G98:G99) -> 202.5
B101: IV. MANO DE OBRA
B102: Trabajador | C102: Jornal | D102: Prestaciones | E102: Jornal Total | F102: Rendimiento | G102: Valor Parcial
B103: 1 Oficial / 1 Ayudantes | C103: =VLOOKUP(B103,Jornal,2,FALSE) -> 156000 | D103: 1.73 | E103: =D103*C103 -> 269880 | F103: =1/20 -> 0.05 | G103: =F103*E103 -> 13494
G104: =F104*E104 -> 0
G106: =SUM(G103:G105) -> 13494
E108: Total Costo Directo | G108: =+G106+G100+G95+G87 -> 28964.233
B112: Municipio de Santa Fe de Antioquia
B113: SECRETARÍA DE INFRAESTRUCTURA
B115: ANÁLISIS DE PRECIOS UNITARIOS
B117: PROYECTO U OBRA: | C117: 1. ADECUACIÓN Y MEJORAMIENTO A INFRAESTRUCTURA BODEGA MUNICIPAL, SANTA FE DE ANTIOQUIA, ANTIOQUIA.
B118: ÍTEM: | C118: DESCRIPCIÓN ITEM: | F118: UNIDAD: | G118: Precio Unitario
B119: 3.1 | C119: Cubierta inclinada de placas UPVC cresta alta 2,5mm espesor, fijadas mecánicamente, con una pendiente entre 5% al 10%. Incluye elementos de fijación, accesorios, juntas, remates perimetrales, sello de anclajes y otras piezas de remate para la resolución de puntos singulares. | F119: m2 | G119: =G146 -> 97107.5
B121: I. EQUIPO
B122: Descripción | D122: Unidad | E122: Precio Unit. | F122: Rendimiento | G122: Valor Parcial
B123: Herramienta menor 10% de M.o | D123: Gl | E123: =G144*0.1 -> 3114 | F123: 1 | G123: =F123*E123 -> 3114
B124: Andamio | D124: día | E124: =1800*2+800*2+1500*2 -> 8200 | F124: 0.08 | G124: =F124*E124 -> 656
G125: =SUM(G123:G124) -> 3770
B126: II. MATERIALES EN OBRA
B127: Descripción | D127: Unidad | E127: Precio Unit. | F127: Cantidad | G127: Valor Parcial
B128: Teja Blanca 5.9X0.94M 2.5Mm | D128: =IF(B128="","",VLOOKUP(B128,mat,2,FALSE)) -> ml | E128: =IF(B128="","0",VLOOKUP(B128,mat,3,FALSE)) -> 57400 | F128: 1 | G128: =F128*E128 -> 57400
B129: Tornillo autoperforante | D129: =IF(B129="","",VLOOKUP(B129,mat,2,FALSE)) -> un | E129: =IF(B129="","0",VLOOKUP(B129,mat,3,FALSE)) -> 220 | F129: 8 | G129: =F129*E129 -> 1760
G130: =F130*E130 -> 0
D131: =IF(B131="","",VLOOKUP(B131,mat,2,FALSE)) | E131: =IF(B131="","0",VLOOKUP(B131,mat,3,FALSE)) -> 0 | G131: =F131*E131 -> 0
...

Sheet Materiales
A1: Descripcion | B1: Und | C1: Vr. Unitario
A2: Cemento gris Uso Gnral 50kg | B2: sac | C2: 37500
A3: Cemento Estructural 42,5kg | B3: sac | C3: 39400
A4: Cemento Blanco | B4: kl | C4: 2530
A5: Concreto Premezclado | B5: m3 | C5: 390558
A6: Revoque | B6: m2 | C6: 303500
A7: Mortero 1:3 | B7: m3 | C7: 352500
A8: Impermeabilizante para concreto | B8: Kg | C8: 12900
A9: Impermeabilizante integral para morteros | B9: kg | C9: 6000
A10: Arena de concreto | B10: m3 | C10: =ROUND((495000/6),-3) -> 83000
A11: Arena de Revoque | B11: m3 | C11: =ROUND((405000/6),-3) -> 68000
A12: Arena de pega | B12: m3 | C12: =ROUND((405000/6),-3) -> 68000
A13: Triturado de 1/2" | B13: m3 | C13: =ROUND((495000/6),-3) -> 83000
A14: Tierra no vegetal | B14: m3
A15: Material Granular seleccionado | B15: m3 | C15: 56000
A16: Afirmado | B16: m3 | C16: 40000
A17: Costal | B17: un | C17: 2300
A18: Material para filtro | B18: m3 | C18: 75000
A19: Granito #1 | B19: bt | C19: 18000
A21: Agua | B21: lt | C21: 100
A22: Cinta de Señalizacion cal 6 | B22: ml | C22: 450
A23: Tela verde para cerramiento 100m x 2.10m | B23: ml | C23: 2190
A24: Tela negra para cerramiento 100m x 2.10m | B24: ml | C24: 350000
A25: Tela blanca para cerramiento 100m x 2.10m | B25: ml | C25: 355000
A26: Caseton de Icopor | B26: m2 | C26: 45000
A27: Bloque de cemento 0.10x0.20x0.40m estructural | B27: un | C27: 2050
... A33: Bloque #5 estándar 12 x 20 x 30 cm | B33: un | C33: 1600
A35: Hidrofugo Siliconite Transparente | B35: gl | C35: 80990 | E35: 16m2
A36: Limpiador fachada de ladrillo | B36: gl | C36: =133900/5 -> 26780 | E36: 20m2
A37: Impermeabilizante acrilico | B37: gl | C37: 73990
A38: Barniz intemperie brillante | B38: gl | C38: 45600
A39: Pintura Esmalte para metal | B39: gl | C39: 117100
A40: Pintura Anticorrosiva | B40: gl | C40: 65850
A41: Pintura Alta Asepsia | B41: gl | C41: 98420
A42: Pintura Epoxica | B42: gl | C42: 183500 | E42: 130000
A43: Pintura Vinilo tipo I | B43: gl | C43: 89900
A44: Pintura Vinilo tipo II | B44: gl | C44: =185000/4 -> 46250
A45: Pintura Fondeo | B45: gl | C45: 58000
A46: Pintura Acriltex | B46: gl | C46: 35500
A47: Pintura Vinilo Exterior tipo KORAZA | B47: cuñete | C47: 486900
A48: Pintura esmalte para exteriores | B48: gl | C48: 69000
A49: Disolvente | B49: lt | C49: 37200
A50: Rodillo | B50: un | C50: 14650
A51: Brocha | B51: un | C51: 10870
A52: Tex Joint Juntas | B52: gl | C52: 310000
A53: Nevado Base | B53: m2 | C53: =129000/6 -> 21500 | G53: 128900 | H53: 177300
A54: Nevado Acabado | B54: m2 | C54: =177500/14 -> 12678.571
A55: Estuco Acrilico | B55: sac | C55: 54500 | G55: 6 | H55: 14
A56: Cielo Raso de PVC - Blanco | B56: m2 | C56: 45000
A57: Dilatacion en Z | B57: ml | C57: 3662
A58: Esquinero 90° | B58: ml | C58: 3450
A59: Media Caña en PVC - 6cm | B59: ml | C59: 9416
A60: Registro Desmontable Snap Lock - 60x60 | B60: un | C60: 265000
A61: Registro Desmontable Snap Lock - 50x50 | B61: un
A62: Registro Desmontable Snap Lock - 40x40 | B62: un
A63: Registro Desmontable Snap Lock - 20x20 | C63: 60000 | E63: Duban | F63: SUDrywall | G63: Punto del dw
A65: Placa de Yeso | B65: un | C65: 38900 | E65: 32750 | F65: 31900 | G65: =F65*0.05 -> 1595
A66: Placa de Yeso RH | B66: un | C66: 65300
A67: Placa de Fibrocemento 6mm | B67: un | C67: 54500
A68: Placa de Fibrocemento 8mm | B68: un | C68: 67300
A69: Placa de Fibrocemento 10mm | B69: un | C69: 79900
A70: Placa de Fibrocemento 14mm | B70: un | C70: 110400
A71: Placa de Fibrocemento 20mm | B71: un | C71: 159000
A72: Placa Juan | B72: un
A74: Omegas | B74: un | C74: 7210
A75: Viguetas | B75: un | C75: 6890
A76: Angulo de refuerzo | B76: un | C76: 34120
A77: Angulos 2x2 | B77: un | C77: 5210
A78: Paral base 6 cal 26 | B78: un | C78: 11860
A79: Canal base 6 cal 26 | B79: un | C79: 10140
A80: Paral base 6 cal 24 | B80: un | C80: 13600 | D80: 14600 | E80: 14300 | F80: 13800
A81: Canal base 6 cal 24 | B81: un | C81: 11600 | D81: 12490 | E81: 12094 | F81: 11700
A82: Paral base 6 cal 20 | B82: un | C82: 14700
A83: Canal base 6 cal 20 | B83: un | C83: 12400
A84: Paral base 9 cal 24 | B84: un | C84: 19200
A85: Canal base 9 cal 24 | B85: un | C85: 16150
A86: Paral base 9 cal 20 | B86: un | C86: 29000
A87: Canal base 9 cal 20 | B87: un | C87: 22000
A88: Tornilleria | B88: un | C88: 160
A89: Madera Plastica | B89: ml | C89: 15315
A90: Masilla Cuñete 28kg | B90: kg | C90: 62340
A91: Cinta malla | B91: ml | C91: 420
A92: Cinta Papel | B92: ml | C92: 340
A93: Hoja de lija | B93: un | C93: 1560
A94: …..
A96: Mastico | B96: bulto | C96: 31200
A97: Ceramica | B97: m2 | C97: 41200
A98: Piso tipo gres | B98: m2 | C98: 40700
A99: Pega para ceramica | B99: kl | C99: 9130 | G99: =28900/4 -> 7225
A100: Porcelanato | B100: m2 | C100: 85000
A101: Pega para porcelanato | B101: m2 | C101: 7950 | G101: =44000/6 -> 7333.3333
A102: Boquilla para enchape | B102: kg | C102: 5370
A103: Piso Duropiso 33x33 cm | B103: m2 | C103: 36700
A104: Piso Laminado 8mm Centur AC4 | B104: m2 | C104: 25730
A105: Guardaescoba en Madera, altura 8cm aprox | B105: ml | C105: 9240
A106: Superlon rollo 2mm reforzado polietileno | B106: m2 | C106: 3520
A107: Crucetas | B107: un | C107: 115
A108: Adoquín de concreto 200x100x60 mm | B108: un | C108: 2230
A109: Gramoquín 400x400x80 mm | B109: un | C109: 8900
A111: Pegamento XL Tradicional | B111: cc | C111: 12000
...

Sheet CALCULO AU
A1: Municipio de Santa Fe de Antioquia
A2: SECRETARÍA DE INFRAESTRUCTURA
A4: ADECUACIÓN Y MEJORAMIENTO A INFRAESTRUCTURA BODEGA MUNICIPAL, SANTA FE DE ANTIOQUIA, ANTIOQUIA.
A6: COMPOSICION DEL PORCENTAJE DE ADMINISTRACION Y UTILIDAD
A7: COSTO DIRECTO DEL PROYECTO | C7: ='Detalle de Presupuesto'!G31 -> 21965869 | F7: A.I.U (26%) | G7: =+C7*0.26 -> 5711126
A8: DURACION DEL PROYECTO (MESES) | D8: 2
A9: I.V.A (sobre utilidad) | C9: 0 | F9: TOTAL PROYECTO (A) | G9: =C7+G7 -> 27676995
A10: DETALLE DE LOS COSTOS ADMINISTRATIVOS
A11: 1. PERSONAL POR ADMINISTRACION
A12: DESCRIPCION | C12: UNIDAD | D12: MESES | E12: CANT | F12: SAL. BASICO | G12: VR. TOTAL | H12: PORCENTAJE
A13: Ingeniero Director | C13: 1 | D13: 0 | E13: 0 | F13: 5500000 | G13: =((F13+(F13/2))*D13)*E13 -> 0 | H13: =+G13/$C$7 -> 0
A14: Ingeniero, constructor y/o arquitecto Residente | C14: 1 | D14: 1 | E14: 0.2 | F14: 4500000 | G14: =((F14+(F14/2))*D14)*E14 -> 1350000 | H14: =+G14/$C$7 -> 0.061458984
A15: Tecnólogo | C15: 1 | D15: 0 | E15: 0 | F15: 2800000 | G15: =((F15+(F15/2))*D15)*E15 -> 0 | H15: =+G15/$C$7 -> 0
A16: Encargados de obra | C16: 1 | D16: 0 | E16: 0 | F16: 1700000 | G16: =((F16+(F16/2))*D16)*E16 -> 0 | H16: =+G16/$C$7 -> 0
A17: Profesional en Seguridad Industrial | C17: 1 | D17: 0 | E17: 0 | F17: 1700000 | G17: =((F17+(F17/2))*D17)*E17 -> 0 | H17: =+G17/$C$7 -> 0
A18: Tecnologo socio Ambiental | C18: 1 | D18: 0 | E18: 0 | F18: 2500000 | G18: =((F18+(F18/2))*D18)*E18 -> 0 | H18: =+G18/$C$7 -> 0
A19: Secretaria | C19: 1 | D19: 0 | E19: 0 | F19: 1000000 | G19: =((F19+(F19/2))*D19)*E19 -> 0 | H19: =+G19/$C$7 -> 0
A20: Celaduria | C20: 1 | D20: 0 | E20: 0 | F20: 1550000 | G20: =((F20+(F20/2))*D20)*E20 -> 0 | H20: =+G20/$C$7 -> 0
A21: Almacenista | C21: 1 | D21: 0 | E21: 0 | F21: 1300000 | G21: =((F21+(F21/2))*D21)*E21 -> 0 | H21: =+G21/$C$7 -> 0
A22: TOTAL PERSONAL ADMINISTRATIVO | G22: =SUM(G13:G21) -> 1350000 | H22: =SUM(H13:H21) -> 0.061458984
A23: 2. GASTOS GENERALES
A24: DESCRIPCION | C24: UNIDAD | D24: CANTIDAD | E24: MESES | F24: TARIFA | G24: VR. TOTAL | H24: PORCENTAJE
A25: Servicios publicos | C25: MES | D25: 0 | E25: 0 | F25: 0 | G25: =E25*F25 -> 0 | H25: =+G25/$C$7 -> 0
A26: Plan de gestión de implementación de obra | C26: MES | D26: 0 | E26: 0 | F26: 0 | G26: =E26*F26 -> 0 | H26: =+G26/$C$7 -> 0
A27: Oficina principal | C27: MES | D27: 0 | E27: 0 | F27: 0 | G27: =E27*F27 -> 0 | H27: =+G27/$C$7 -> 0
A28: Papeleria | C28: MES | D28: 1 | E28: 1 | F28: 60000 | G28: =E28*F28 -> 60000 | H28: =+G28/$C$7 -> 0.0027315104
A29: Equipos de computo | C29: MES | D29: 0 | E29: 0 | F29: 0 | G29: =E29*F29 -> 0 | H29: =+G29/$C$7 -> 0
A30: Equipos de comunicación | C30: MES | D30: 0 | E30: 0 | F30: 0 | G30: =E30*F30 -> 0 | H30: =+G30/$C$7 -> 0
A31: Transporte personal a obra | C31: MES | D31: 0 | E31: 0 | F31: 0 | G31: =E31*F31 -> 0 | H31: =+G31/$C$7 -> 0
A32: Plan Ambiental, Seguridad y Transito | C32: MES | D32: 0 | E32: 0 | F32: 0 | G32: =E32*F32 -> 0 | H32: =+G32/$C$7 -> 0
A33: Póliza | C33: MES | D33: 1 | E33: 1 | F33: =+$C$7*1.01% -> 221855.28 | G33: =E33*F33 -> 221855.28 | H33: =+G33/$C$7 -> 0.0101
A34: TOTAL GASTOS GENERALES | G34: =SUM(G25:G33) -> 281855.28 | H34: =SUM(H25:H33) -> 0.01283151
A35: 3. GASTOS LEGALES, JURIDICOS Y TRIBUTARIOS
A36: DESCRIPCION | C36: UNIDAD | D36: CANTIDAD | E36: MESES | F36: TARIFA | G36: VR. TOTAL | H36: PORCENTAJE
A37: Impuesto de contribución especial 5% | C37: UNIDAD | D37: 1 | F37: 0.05 | G37: =+$C$7*F37 -> 1098293.5 | H37: =+G37/$C$7 -> 0.05
A38: Estampilla Pro Cultura | B38: Estampilla Pro Cultura | C38: UNIDAD | D38: 1 | F38: 0.02 | G38: =+$C$7*F38 -> 439317.38 | H38: =+G38/$C$7 -> 0.02
A39: Estampilla Adulto Mayor | B39: Estampilla Pro Cultura | C39: UNIDAD | D39: 1 | F39: 0.04 | G39: =+$C$7*F39 -> 878634.76 | H39: =+G39/$C$7 -> 0.04
A40: Estampilla Hospital | C40: UNIDAD | D40: 1 | F40: 0.01 | G40: =+$C$7*F40 -> 219658.69 | H40: =+G40/$C$7 -> 0.01
A41: Estampilla Pro deporte y recreacion | C41: UNIDAD | D41: 1 | F41: 0.025 | G41: =+$C$7*F41 -> 549146.73 | H41: =+G41/$C$7 -> 0.025
A42: TOTAL GASTOS GENERALES | G42: =SUM(G37:G41) -> 3185051 | H42: =SUM(H37:H41) -> 0.145
A43: RESUMEN DE LOS COSTOS POR ADMINISTRACION
A44: DESCRIPCION | G44: TOTALES | H44: PORCENTAJE
A45: Personal por Administración | G45: =G22 -> 1350000 | H45: =+H22 -> 0.061458984
A46: Gastos generales | G46: =+G34 -> 281855.28 | H46: =+H34 -> 0.01283151
A47: Gastos legales, juridicos y tributarios | G47: =+G42 -> 3185051 | H47: =+H42 -> 0.145
A48: TOTAL GASTOS POR ADMINISTRACION | G48: =SUM(G45:G47) -> 4816906.3 | H48: =SUM(H45:H47) -> 0.21929049
A50: COMPOSICION DE PORCENTAJES DE ADMINISTRACION, IMPREVISTOS Y UTILIDADES
A51: DESCRIPCION | G51: TOTALES | H51: PORCENTAJE
A52: Administración | G52: =+G48 -> 4816906.3 | H52: =ROUNDDOWN(+H48,2) -> 0.21
A53: Imprevisto
A54: Utilidad | G54: =+H54*C7 -> 1098293.5 | H54: 0.05
A55: TOTAL A.I.U | G55: =SUM(G52:G54) -> 5915199.8 | H55: =SUM(H52:H54) -> 0.26

Sheet Mano de Obra
A1: Cuadrilla | B1: Jornal
A2: Ayudante | B2: 60000 | C2: 30 | D2: =B2*C2 -> 1800000
A3: Oficial | B3: =1.6*B2 -> 96000 | C3: 30 | D3: =B3*C3 -> 2880000
A4: Maestro | B4: =1.8*B2 -> 108000 | C4: 30 | D4: =B4*C4 -> 3240000
A5: Coordinador SST | B5: =B2*1.6 -> 96000 | C5: 30 | D5: =B5*C5 -> 2880000
A6: L
A7: 1 Oficial / 1 Ayudantes | B7: =$B$3+$B$2 -> 156000
A8: 1 Oficial / 2 Ayudantes | B8: =$B$3+2*$B$2 -> 216000
A9: 1 Oficial / 3 Ayudantes | B9: =$B$3+3*$B$2 -> 276000
A10: 1 Oficial / 4 Ayudantes | B10: =$B$3+4*$B$2 -> 336000
A11: 1 Oficial / 5 Ayudantes | B11: =$B$3+5*$B$2 -> 396000
A12: 1 Oficial / 6 Ayudantes | B12: =$B$3+6*$B$2 -> 456000
A13: 1 Oficial / 7 Ayudantes | B13: =$B$3+7*$B$2 -> 516000
A14: 2 Oficial / 2 Ayudantes | B14: =2*$B$3+2*$B$2 -> 312000
A15: 2 Oficial / 4 Ayudantes | B15: =2*$B$3+4*$B$2 -> 432000
A16: 2 Oficial / 6 Ayudantes | B16: =2*$B$3+6*$B$2 -> 552000
A17: 2 Oficial / 8 Ayudantes | B17: =2*$B$3+8*$B$2 -> 672000
A18: 3 Oficial / 3 Ayudantes | B18: =3*$B$3+3*$B$2 -> 468000
A19: 2 Ayudantes | B19: =$B$2*2 -> 120000
A20: 3 Ayudantes | B20: =$B$2*3 -> 180000
A21: 4 Ayudantes | B21: =$B$2*4 -> 240000
